 Dungeon Crawl Stone Soup version 0.30-a0-591-g3c58d2bc28 (webtiles) character file.

Game seed: 9573218050848209306

1 ReploidZero the Magician (level 1, -4/10 HPs)
             Began as a Tengu Wanderer on Jan 5, 2023.
             Slain by a gnoll
             ... wielding a +0 flail
              (10 damage)
             ... on level 1 of the Dungeon.
             The game lasted 00:00:29 (19 turns).

ReploidZero the Magician (Tengu Wanderer)             Turns: 19, Time: 00:00:30

Health: -4/10      AC:  3    Str: 10    XL:     1   Next: 20%
Magic:  5/5        EV: 11    Int: 14    God:
Gold:   15         SH:  0    Dex: 13    Spells: 6/6 levels left

rFire   . . .      SeeInvis .    a - +0 dagger
rCold   . . .      Faith    .    (no shield)
rNeg    . . .      Spirit   .    c - +0 robe
rPois   .          Reflect  .    (helmet restricted)
rElec   .          Harm     .    (no cloak)
rCorr   .          Rampage  .    d - +0 pair of gloves
Will    .....                    (boots unavailable)
Stlth   ++                       (no amulet)
HPRegen 0.21/turn                (no ring)
MPRegen 0.09/turn                (no ring)

@: no status effects
A: beak, talons 3
a: no special abilities


You were on level 1 of the Dungeon.
You visited 1 branch of the dungeon, and saw 1 of its levels.

You collected 15 gold pieces.

Inventory:

Hand Weapons
 a - a +0 dagger (weapon)
Armour
 c - a +0 robe (worn)
 d - a +0 pair of gloves (worn)
Scrolls
 b - a scroll of fog


   Skills:
 + Level 1.1 Dodging
 + Level 2.0 Stealth
 + Level 3.0 Spellcasting
 + Level 3.0 Earth Magic


You had 6 spell levels left.
You didn't know any spells.
Your spell library contained the following spells:

 Spells                   Type           Power      Damage    Failure   Level
 Sandblast                Erth           20%        2d7       6%          1
 Passwall                 Tmut/Erth      5%         N/A       17%         2
 Foxfire                  Conj/Fire      8%         2x1d4     22%         1
 Ignite Poison            Fire/Tmut/Pois 2%         N/A       54%         3
 Petrify                  Tmut/Erth      6%         N/A       75%         4


Dungeon Overview and Level Annotations

Branches:
Dungeon (1/15)

Altars:


Innate Abilities, Weirdness & Mutations

You have a beak for a mouth.
You have claws for feet.


Message History

A gnoll comes into view. It is wielding a +0 flail.
You see here a +0 robe.
Found 15 gold pieces.
You hit the gnoll. You claw the gnoll. Your peck misses the gnoll.
The gnoll is heavily wounded.
The quokka bites you but does no damage.
The gnoll hits you with a +0 flail.
Ouch! That really hurt!
You are too injured to fight recklessly!
You are too injured to fight recklessly!
You are too injured to fight recklessly!
You are too injured to fight recklessly!
Unknown command.
The gnoll attacks as you move away! The gnoll closely misses you.
The gnoll attacks as you move away! The gnoll barely misses you.
You see here a +0 robe.
You hit the quokka but do no damage.
The quokka bites you but does no damage.
The quokka closely misses you. The quokka attacks as you move away!
The quokka barely misses you.
You barely miss the quokka. You claw the quokka.
You kill the quokka!
Your Earth Magic skill increases to level 3!
You completely miss the gnoll. Your kick misses the gnoll.
The gnoll is heavily wounded.
The gnoll barely misses you.
Unknown command.
Unknown command.
You don't know any spells.
Memorise Sandblast, consuming 1 spell level and leaving 5?
Okay, then.
Unknown command.
Okay, then.
Sorry, you're not good enough to have a special ability.
Unknown command.
You hit the gnoll.
The gnoll is severely wounded.
The gnoll hits you with a +0 flail!
Ouch! That really hurt!
You die...

###. ###.. ### ##...#
..$ ##..#.### # #.##
##.......###..
####...####.............
.........##.........##
..........[g@...<....#
.......####.#.......##
....... #..#...........
######. .............###
...............##
..........######
...>.......#
...........#


You could see a gnoll.

Vanquished Creatures
  A quokka (D:1)
1 creature vanquished.

Notes
Turn   | Place    | Note
-------+----------+-------------------------------------------
     0 | D:1      | ReploidZero the Tengu Wanderer began the quest for the Orb.
     0 | D:1      | ReploidZero set off with the following items: a +0 dagger,
                  | a scroll of fog, a +0 robe, a +0 pair of gloves; and the
                  | following spells available to memorise: Sandblast,
                  | Passwall, Foxfire, Ignite Poison, Petrify.
     0 | D:1      | Reached XP level 1. HP: 10/10 MP: 5/5
    19 | D:1      | Slain by a gnoll

Illustrated notes

Levels and vault maps discovered:
D:1:      dpeg_arrival_orchard, layout_rooms

Skill      XL: |  1 |
---------------+----+-----
Earth Magic    | 3 |  3.0
Dodging        | |  1.1
Stealth        | |  2.0
Spellcasting   | |  3.0

Action                   || total
-------------------------++-------
Melee: Dagger            ||     5
       Kick              ||     2
Armor: Robe              ||     2
Dodge: Dodged            ||     5

Table legend: (Time is in decaauts)
 A = Elapsed time spent in this place.
 B = Non-inter-level travel time spent in this place.
 C = Inter-level travel time spent in this place.
 D = Time resting spent in this place.
 E = Time spent auto-exploring this place.
 F = Levels seen in this place.
 G = Mean time per level.
                   A        B        C        D        E       F      G
               +--------+--------+--------+--------+--------+-----+--------+
         Total |     19 |     19 |      0 |      0 |      4 |   1 |   19.0 |
       Dungeon |     19 |     19 |      0 |      0 |      4 |   1 |   19.0 |
               +--------+--------+--------+--------+--------+-----+--------+

Top non-repeatable levels by time:
     D:1: 19 daAuts
